[ AOE2 MATCH · #493673666 ]
UnrankedMuisca vs Maya
Player's team · WIN
Rival team · LOSS
[ REPLAY ANALYSIS · EXTRACTED FROM THE RECORDED GAME ]
Feudal
14:14
Castle
17:51
Imperial
—
| APM avg | 26.0 |
| APM peak | 53 |
| eAPM avg | 12.9 |
| Villagers / military | 33 / 4 |
Focus
⚔️ 32.9% · 🌾 67.1%
Fishing Ship ×9 · Unknown (2562) ×7 · Fire Galley ×4 · Unknown (2626) ×2
Feudal
12:29
Castle
17:09
Imperial
—
| APM avg | 22.9 |
| APM peak | 47 |
| eAPM avg | 13.3 |
| Villagers / military | 45 / 13 |
Focus
⚔️ 27.9% · 🌾 72.1%
Fishing Ship ×9 · Plumed Archer ×6 · Archer ×3 · Fire Galley ×2 · Demolition Raft ×2
Match map
Initial resources + every placement click. Lines = walls · curves = elevation contours. ◆ gold · ⬟ stone · ● berries · ✦ relic · ◌ wall gap
Your base· Open — 5t gap
GloatingRumble2's base· Open — 3t gap
Smoothed initial terrain · ◌ = detected wall gap · hover for details
Inputs per minute
— malibu - - GloatingRumble2
Build order — malibu
87 actions detected in the replay
| 0:03 | Build | House |
| 0:20 | Build | Town Center |
| 0:39 | Build | Dock |
| 0:47 | Build | Dock |
| 2:28 | Create | Villager (Male) ×4 |
| 3:26 | Create | Fishing Ship |
| 3:33 | Create | Villager (Male) |
| 4:18 | Build | House |
| 4:29 | Create | Fishing Ship |
| 4:44 | Create | Villager (Male) |
| 5:26 | Create | Villager (Male) |
| 5:28 | Create | Fishing Ship |
| 5:58 | Create | Villager (Male) |
| 6:09 | Create | Villager (Male) |
| 6:21 | Build | House |
| 6:42 | Create | Villager (Male) |
| 6:44 | Create | Fishing Ship |
| 7:25 | Create | Villager (Male) ×4 |
| 7:39 | Build | House |
| 7:41 | Create | Villager (Male) |
| 7:45 | Build | House |
| 7:59 | Build | Palisade Wall |
| 8:03 | Build | House |
| 8:17 | Create | Fishing Ship |
| 8:44 | Create | Villager (Male) |
| 9:21 | Create | Villager (Male) |
| 9:26 | Create | Villager (Male) |
| 10:33 | Create | Villager (Male) |
| 10:41 | Build | House |
| 11:13 | Build | Settlement |
| 11:16 | Create | Villager (Male) |
| 11:22 | Create | Fishing Ship |
| 11:36 | Build | Dock |
| 12:04 | Research | Feudal Age |
| 12:04 | Research | Feudal Age |
| 12:41 | Research | Loom |
| 13:18 | Create | Fishing Ship |
| 13:19 | Create | Fishing Ship |
| 14:14 | Age | Feudal Age |
| 14:18 | Build | Market |
| 14:24 | Build | Blacksmith |
| 14:31 | Create | Villager (Male) |
| 14:38 | Research | Tech 906 |
| 15:11 | Research | Castle Age |
| 15:32 | Build | Dock |
| 16:13 | Build | House |
| 16:17 | Build | House |
| 16:36 | Research | Double-Bit Axe |
| 17:12 | Research | Loom |
| 17:25 | Build | House |
| 17:26 | Build | House |
| 17:38 | Create | Fire Galley |
| 17:51 | Age | Castle Age |
| 17:57 | Build | Outpost |
| 18:12 | Build | Castle |
| 18:15 | Build | Settlement |
| 18:32 | Create | Villager (Male) |
| 18:55 | Create | Villager (Male) |
| 18:57 | Create | Fire Galley |
| 19:04 | Research | Fletching |
| 19:28 | Build | Settlement |
| 19:34 | Create | Unit 2562 |
| 19:40 | Create | Unit 2626 |
| 19:45 | Create | Villager (Male) |
| 20:16 | Create | Villager (Male) |
| 20:18 | Create | Villager (Male) |
| 20:26 | Create | Fire Galley |
| 20:35 | Create | Unit 2562 |
| 20:37 | Create | Villager (Male) |
| 20:46 | Create | Fishing Ship |
| 21:13 | Create | Unit 2626 |
| 21:22 | Create | Villager (Male) |
| 21:23 | Create | Unit 2562 |
| 21:37 | Create | Villager (Male) |
| 21:48 | Create | Unit 2562 |
| 21:49 | Create | Unit 2562 |
| 22:00 | Create | Villager (Male) |
| 22:01 | Create | Unit 2562 |
| 22:21 | Research | War Galley (upgrade) |
| 22:28 | Create | Villager (Male) |
| 22:30 | Create | Unit 2562 |
| 22:42 | Create | Fire Galley |
| 22:46 | Create | Villager (Male) |
| 22:52 | Research | Padded Archer Armor |
| 23:25 | Create | Villager (Male) |
| 23:46 | Build | Castle |
| 23:50 | Build | Settlement |
Build order — GloatingRumble2
88 actions detected in the replay
| 0:13 | Build | Town Center |
| 0:18 | Build | House |
| 1:38 | Build | Dock |
| 2:22 | Create | Villager (Male) ×3 |
| 2:22 | Create | Villager (Male) ×3 |
| 3:21 | Create | Fishing Ship |
| 3:24 | Research | Loom |
| 3:24 | Research | Loom |
| 3:44 | Build | House |
| 4:01 | Build | House |
| 4:18 | Create | Villager (Male) |
| 4:43 | Create | Villager (Male) |
| 4:44 | Create | Villager (Male) |
| 5:03 | Create | Villager (Male) |
| 5:04 | Create | Villager (Male) |
| 5:21 | Create | Fishing Ship |
| 5:21 | Create | Fishing Ship |
| 5:44 | Create | Villager (Male) |
| 5:56 | Create | Villager (Male) |
| 6:22 | Create | Villager (Male) |
| 6:33 | Create | Fishing Ship |
| 6:54 | Create | Villager (Male) ×2 |
| 6:54 | Create | Villager (Male) ×2 |
| 6:58 | Build | House |
| 7:28 | Create | Fishing Ship |
| 7:31 | Create | Villager (Male) |
| 7:38 | Build | House |
| 7:44 | Build | House |
| 8:09 | Create | Villager (Male) |
| 8:20 | Create | Fishing Ship |
| 8:30 | Create | Villager (Male) |
| 8:57 | Create | Villager (Male) |
| 9:12 | Create | Villager (Male) |
| 9:18 | Build | Mining Camp |
| 9:44 | Create | Villager (Male) |
| 9:51 | Build | Mill |
| 10:14 | Research | Feudal Age |
| 10:57 | Build | House |
| 11:01 | Build | House |
| 12:10 | Create | Villager (Male) |
| 12:10 | Create | Villager (Male) |
| 12:10 | Create | Villager (Male) |
| 12:29 | Age | Feudal Age |
| 12:34 | Build | Blacksmith |
| 12:45 | Build | Market |
| 12:52 | Build | House |
| 13:19 | Create | Villager (Male) |
| 13:24 | Create | Villager (Male) |
| 14:00 | Build | Barracks |
| 14:05 | Build | House |
| 14:18 | Build | Lumber Camp |
| 14:29 | Research | Castle Age |
| 14:53 | Research | Fletching |
| 15:15 | Build | House |
| 15:20 | Build | Palisade Wall |
| 15:37 | Research | Double-Bit Axe |
| 15:46 | Create | Fire Galley |
| 16:05 | Build | Archery Range |
| 16:31 | Research | Gold Mining |
| 16:46 | Research | Wheelbarrow |
| 16:53 | Create | Fire Galley |
| 17:03 | Research | Stone Mining |
| 17:09 | Age | Castle Age |
| 17:15 | Create | Archer |
| 17:39 | Research | Tech 906 |
| 18:06 | Create | Archer |
| 18:09 | Create | Villager (Male) |
| 18:10 | Create | Villager (Male) |
| 18:37 | Research | Bodkin Arrow |
| 18:54 | Create | Villager (Male) ×2 |
| 19:42 | Build | Dock |
| 20:00 | Create | Villager (Male) |
| 20:35 | Build | Town Center |
| 20:58 | Create | Villager (Male) |
| 20:58 | Create | Villager (Male) |
| 21:02 | Create | Archer |
| 21:34 | Create | Fishing Ship |
| 21:34 | Create | Fishing Ship |
| 21:35 | Create | Fishing Ship |
| 21:51 | Build | Castle |
| 22:07 | Create | Villager (Male) ×4 |
| 22:20 | Create | Demolition Raft |
| 22:21 | Create | Demolition Raft |
| 23:09 | Create | Villager (Male) |
| 23:09 | Create | Villager (Male) |
| 23:15 | Create | Plumed Archer ×4 |
| 23:44 | Create | Villager (Male) ×3 |
| 23:49 | Create | Plumed Archer ×2 |
Match timeline
| 0:39 | malibu · first_building Dock |
| 1:38 | GloatingRumble2 · first_building Dock |
| 7:59 | malibu · wall_segment Palisade Wall x1 |
| 12:29 | GloatingRumble2 · age_up feudal |
| 14:00 | GloatingRumble2 · first_building Barracks |
| 14:14 | malibu · age_up feudal |
| 15:20 | GloatingRumble2 · wall_segment Palisade Wall x2 |
| 16:05 | GloatingRumble2 · first_building Archery Range |
| 17:08 | malibu · first_market_sell 100 wood |
| 17:09 | GloatingRumble2 · age_up castle |
| 17:51 | malibu · age_up castle |
| 18:12 | malibu · first_building Castle |
| 18:34 | GloatingRumble2 · first_market_buy 100 food |
| 21:51 | GloatingRumble2 · first_building Castle |
| 24:36 | GloatingRumble2 · resign |
[ AI ANALYSIS · 1 CREDIT ]
What really happened in this match?
Wolo.gg analyzes every decision: build order, eco, micro, common mistakes by bracket. Personalized analysis on WhatsApp or Discord in 30 seconds.
Civ guide
Muisca
Perfil
malibu